 Dungeon Crawl Stone Soup version 0.30.0-29-ga12c61a403 (webtiles) character file.

Game seed: 9996654387714241454

232 qw the Chopper (level 6, -1/37 HPs)
             Began as a Gargoyle Fighter on June 3, 2023.
             Constricted to death by Natasha (4 damage)
             ... on level 2 of the Dungeon.
             The game lasted 00:00:51 (1874 turns).

qw the Chopper (Gargoyle Fighter)                   Turns: 1874, Time: 00:00:52

Health: -1/37      AC: 11    Str: 21    XL:     6   Next: 4%
Magic:  6/6        EV:  6    Int:  9    God:
Gold:   126        SH:  4    Dex:  9    Spells: 5/5 levels left

rFire   . . .        Y - +0 war axe
rCold   . . .        c - +0 buckler
rNeg    + . .        b - +0 scale mail
rPois   inf          (no helmet)
rElec   +            (no cloak)
rCorr   .            (no gloves)
SInv    .            (no boots)
Will    .....        (no amulet) Stlth
                     (no ring)
HPRegen 0.26/turn    (no ring)
MPRegen 0.10/turn

%: no passive effects
@: grasped by roots, constricted
A: sickness immunity, AC +4, negative energy resistance 1, electricity
resistance, torment resistance 1, petrification resistance
a: no special abilities


You were on level 2 of the Dungeon.
You visited 1 branch of the dungeon, and saw 2 of its levels.

You collected 126 gold pieces.


Innate Abilities, Weirdness & Mutations

You are immune to sickness and miasma.
Your stone body is resilient. (AC +4)
You are immune to poison.
You resist negative energy. (rN+)
You are resistant to electric shocks. (rElec)
You are resistant to unholy torment.
You are immune to petrification.


   Skills:
 - Level 3.2 Fighting
 + Level 4.1 Axes
 - Level 3.4 Throwing
 - Level 3.2 Armour
 - Level 3.2 Shields


You had 5 spell levels left.
You didn't know any spells.
Your spell library was empty.

Inventory:

Hand Weapons
 e - a +0 flail
 Y - a +0 war axe (weapon)
Missiles
 k - 2 boomerangs of dispersal (quivered)
 m - 2 javelins
Armour
 b - a +0 scale mail (worn)
 c - a +0 buckler (worn)
 f - a +0 chain mail
Jewellery
 g - a ring of willpower
Scrolls
 h - a scroll of blinking {unknown}
 j - 2 scrolls of immolation {unknown}
 l - a scroll of identify
Potions
 a - a potion of degeneration {unknown}
 d - a potion of might
 i - 2 potions of attraction {unknown}

Dungeon Overview and Level Annotations

Branches:
Dungeon (2/15)

Altars:

Annotations:
D:2 Natasha


Message History

Natasha barely misses you.
You closely miss Natasha.
Natasha zaps a wand.
The roots erupt in riotous growth!
The grasping roots grab you!
Natasha is unaffected.
The grasping roots constrict you!
You barely miss Natasha. Natasha claws you but does no damage.
The grasping roots constrict you.
You closely miss Natasha. Natasha claws you but does no damage.
The grasping roots constrict you. You block Natasha's attack.
The grasping roots constrict you.
The grasping roots release their grip on you.
You closely miss Natasha.
Natasha zaps a wand.
The roots erupt in riotous growth!
The grasping roots grab you!
Natasha is unaffected.
The grasping roots constrict you.
You closely miss Natasha. You block Natasha's attack.
The grasping roots constrict you.
The grasping roots release their grip on you.
You hit Natasha.
Natasha is moderately wounded.
Natasha claws you!
You hit Natasha.
Natasha is moderately wounded.
Natasha zaps a wand.
The roots erupt in riotous growth!
The grasping roots grab you!
Natasha is unaffected.
The grasping roots constrict you. You block Natasha's attack.
The grasping roots constrict you.
You closely miss Natasha.
Natasha is moderately wounded.
Natasha mumbles some strange words.
You feel disoriented. Natasha barely misses you.
The grasping roots constrict you.
You barely miss Natasha.
Natasha is moderately wounded.
Natasha claws you but does no damage. The grasping roots constrict you.
You closely miss Natasha.
Natasha is moderately wounded.
Natasha claws you but does no damage. The grasping roots constrict you.
Natasha barely misses you. The grasping roots constrict you.
You die...

###########... ###.............
#...............
##.#...........##
#...####.......#
#~~~~~~~~##.......##
####...####.........
############################...
#............h@............'...
#.#...........######.....###...
##.#...........# #.....# #...
##..#...).......# #.....# ####
#..##...........######.....######
#>..+...........+....'.....'....#
#.###...........######.....######
#.# ############# #....># #~:
#'#### ####### #~.


You could see Natasha.

Vanquished Creatures
  Sigmund (D:2)
  Natasha (D:2)
  A worm (D:2)
  4 dart slugs (D:1)
  2 orcs (D:2)
  3 bats
  4 endoplasms (D:1)
  3 giant cockroaches (D:1)
  A goblin (D:1)
  3 hobgoblins
  6 jackals (D:1)
  6 quokkas
  3 ball pythons (D:1)
  3 frilled lizards
  A kobold (D:2)
  2 rats (D:2)
44 creatures vanquished.

Notes
Turn   | Place    | Note
-------+----------+-------------------------------------------
     0 | D:1      | qw the Gargoyle Fighter began the quest for the Orb.
     0 | D:1      | Reached XP level 1. HP: 14/14 MP: 1/1
     0 | D:1      | 0 ||| qw: Version: 0.2-a-103-g5a998e5
     0 | D:1      | 0 ||| qw: Game counter: 1072
     0 | D:1      | 0 ||| qw: Always use a shield: true
     0 | D:1      | 0 ||| qw: God list: Okawaru
     0 | D:1      | 0 ||| qw: Allow faded altars: false
     0 | D:1      | 0 ||| qw: Do Orc after D:15 true
     0 | D:1      | 0 ||| qw: Do second Lair branch before Depths: true
     0 | D:1      | 0 ||| qw: Lair rune preference: random
     0 | D:1      | 0 ||| qw: Plans: Normal, Zot:1-4, Slime:5, God:TSO, Crypt,
                  | Tomb, Pan, Hells, Abyss, Win
     0 | D:1      | 0 ||| PLANNING D:1-11
    69 | D:1      | Reached skill level 2 in Axes
   184 | D:1      | Reached XP level 2. HP: 19/19 MP: 2/2
   235 | D:1      | 235 ||| Stepping ~*~*~tactically~*~*~ (stealth).
   294 | D:1      | 294 ||| Stepping ~*~*~tactically~*~*~ (hiding).
   302 | D:1      | Reached skill level 3 in Axes
   418 | D:1      | 418 ||| Stepping ~*~*~tactically~*~*~ (stealth).
   419 | D:1      | 419 ||| Stepping ~*~*~tactically~*~*~ (stealth).
   420 | D:1      | 420 ||| Stepping ~*~*~tactically~*~*~ (stealth).
   422 | D:1      | 422 ||| Stepping ~*~*~tactically~*~*~ (stealth).
   426 | D:1      | Reached XP level 3. HP: 22/23 MP: 3/3
   741 | D:1      | You fall into a shaft and drop 1 floor!
   779 | D:2      | 779 ||| READING scroll labelled RAOMOAP NEIG.
   827 | D:2      | 827 ||| READING scroll labelled SUCSAS XUL GU LEJ.
   828 | D:2      | 828 ||| READING scroll labelled VIULAI WOHIUSY.
   829 | D:2      | 829 ||| READING scroll labelled QUASAA YDITI.
   863 | D:1      | 863 ||| Stepping ~*~*~tactically~*~*~ (hiding).
   979 | D:1      | 979 ||| Stepping ~*~*~tactically~*~*~ (hiding).
  1132 | D:2      | 1132 ||| DROPPING +0 whip of draining.
  1323 | D:2      | Reached XP level 4. HP: 20/28 MP: 4/4
  1428 | D:2      | 1428 ||| Stepping ~*~*~tactically~*~*~ (hiding).
  1653 | D:2      | Noticed Sigmund
  1659 | D:2      | Killed Sigmund
  1660 | D:2      | Reached skill level 3 in Throwing
  1660 | D:2      | Reached XP level 5. HP: 21/32 MP: 5/5
  1796 | D:2      | Noticed Natasha
  1798 | D:2      | Killed Natasha
  1799 | D:2      | Reached skill level 4 in Axes
  1799 | D:2      | Reached XP level 6. HP: 37/37 MP: 6/6
  1861 | D:2      | Noticed Natasha
  1872 | D:2      | HP: 9/37 [constriction (4)]
  1874 | D:2      | HP: 3/37 [constriction (2)]
  1874 | D:2      | Constricted to death by Natasha

Levels and vault maps discovered:
D:1:      dpeg_arrival_triangle_fractal, layout_basic, minmay_tetromino_o4
D:2:      layout_basic, serial_rivers, chequers_serial_rivers_micro_b,
          chequers_serial_rivers_small_3, chequers_serial_rivers_micro_a,
          chequers_serial_rivers_room_b, chequers_serial_rivers_room_a,
          chequers_serial_rivers_room_a, uniq_sigmund, uniq_natasha

Skill      XL: |  1  2  3  4  5 |
---------------+----------------+-----
Axes           | 2 3 4 |  4.1
Throwing       | 3 |  3.4
Fighting       | |  3.2
Armour         | |  3.2
Shields        | |  3.2

Action                     |  1- 3 |  4- 6 || total
---------------------------+-------+-------++-------
  Melee: War axe           |   104 |    29 ||   133
    Use: Scroll            |     4 |       ||     4
 Armour: Scale mail        |    39 |    13 ||    52
  Dodge: Dodged            |    51 |     9 ||    60
  Block: Buckler           |    25 |     6 ||    31

Table legend:
 A = Non-vault XP
 B = Vault XP
 C = Vault XP percentage of total XP
 D = Non-vault monster count
 E = Vault monster count
 F = Vault count percentage of total count
                 A         B        C        D         E       F
            +---------+---------+-------+---------+---------+-------
      Total |      84 |     248 |  74.7 |      40 |       4 |   9.1
            +---------+---------+-------+---------+---------+-------
        D:1 |      59 |       3 |   4.8 |      27 |       2 |   6.9
        D:2 |      25 |     245 |  90.7 |      13 |       2 |  13.3
            +---------+---------+-------+---------+---------+-------
